 Dungeon Crawl Stone Soup version 0.31-a0-149-g3fdcc5976a (webtiles) character file.

Game seed: 16087935930181719263

5148 qw the Skirmisher (level 10, -2/100 HPs)
             Began as a Minotaur Hunter on June 7, 2023.
             Was a Follower of Okawaru.
             Slain by a komodo dragon (14 damage)
             ... on level 9 of the Dungeon.
             The game lasted 00:02:57 (6097 turns).

qw the Skirmisher (Minotaur Hunter)                 Turns: 6097, Time: 00:02:57

Health: -2/100     AC: 13    Str: 15    XL:     10   Next: 33%
Magic:  1/3        EV: 20    Int:  6    God:    Okawaru [*.....]
Gold:   409        SH:  0    Dex: 19    Spells: 9/9 levels left

rFire   . . .        Y - +0 orcbow
rCold   + . .        (shield currently unavailable)
rNeg    . . .        c - +2 robe "Bolytuoj" {rPois rC+ MP-9}
rPois   +            (helmet restricted)
rElec   .            n - +0 cloak {Will+}
rCorr   +            q - +0 pair of gloves
SInv    .            j - +2 pair of boots
Will    +....        (no amulet)
Stlth   +++          k - +4 ring of protection
HPRegen 1.16/turn    l - ring of resist corrosion
MPRegen 0.08/turn

%: no passive effects
@: about to teleport, heroic, spiked
A: horns 2, retaliatory headbutt, deformed body, regeneration 1, robust 1,
MP-powered wands
a: Renounce Religion, Heroism


You were on level 9 of the Dungeon.
You worshipped Okawaru.
Okawaru was aware of your devotion.
You visited 2 branches of the dungeon, and saw 10 of its levels.

You collected 409 gold pieces.


Innate Abilities, Weirdness & Mutations

You have a pair of horns on your head.
You reflexively headbutt those who attack you in melee.
Armour fits poorly on your strangely shaped body.
Your natural rate of healing is unusually fast.
You are robust. (+10% HP)
You expend magic power (3 MP) to strengthen your wands.


   Skills:
 - Level 9.1(14.1) Fighting
 - Level 13.0(18.0) Ranged Weapons
 - Level 2.4(7.4) Armour
 + Level 6.4(11.4) Dodging
 - Level 0.7(5.7) Stealth
 - Level 4.0 Invocations


You had 9 spell levels left.
You didn't know any spells.
Your spell library was empty.

Inventory:

Hand Weapons
 Y - a +0 orcbow (weapon)
Armour
 c - the +2 robe "Bolytuoj" (worn) {rPois rC+ MP-9}
   (You found it on level 7 of the Dungeon)

   rC:        It protects you from cold.
   rPois:     It protects you from poison.
   MP:        It affects your magic capacity (-9).
 f - a +0 troll leather armour
 g - a +1 leather armour of willpower
 j - a +2 pair of boots (worn)
 n - a +0 cloak of willpower (worn)
 q - a +0 pair of gloves (worn)
Jewellery
 k - a +4 ring of protection (left hand)
 l - a ring of resist corrosion (right hand)
Scrolls
 h - 4 scrolls of teleportation
 i - 5 scrolls of identify
Potions
 a - a potion of haste
 b - a potion of resistance
 d - 3 potions of curing
 e - a potion of cancellation
 o - 2 potions of mutation

Dungeon Overview and Level Annotations

Branches:
Dungeon (9/15)             Temple (1/1) D:7
   Lair: D:8-11         Orc: D:9-12

Altars:
Ashenzari
Cheibriados
Elyvilon
Fedhas
Gozag
Hepliaklqana
Kikubaaqudgha
Makhleb
Nemelex Xobeh
Okawaru
Ru
Vehumet
Wu Jian
Xom
Yredelemnul
Zin
The Shining One

Shops:
D:1 !   D:5 [

Annotations:
D:3 2 transporters, 1 runed translucent door, Crazy Yiuf
D:5 3 runed translucent doors, qw's ghost, novice GrFi


Message History

You shoot an arrow. The arrow hits the komodo dragon.
The komodo dragon is lightly wounded.
The komodo dragon closely misses you.
You shoot an arrow.
The arrow hits the komodo dragon but does no damage.
The komodo dragon is lightly wounded.
The manticore flicks its tail.
The volley of spikes hits you!
The barbed spikes become lodged in your body.
The komodo dragon closely misses you. You furiously retaliate!
You headbutt the komodo dragon. You shoot an arrow.
The arrow barely misses the komodo dragon.
You shoot an arrow.
The arrow hits the komodo dragon but does no damage.
The komodo dragon is lightly wounded.
The komodo dragon bites you!!
You shoot an arrow. The arrow hits the komodo dragon.
The komodo dragon is lightly wounded.
The manticore flicks its tail.
The volley of spikes hits you!
The barbed spikes become lodged in your body.
The komodo dragon misses you.
You shoot an arrow.
The arrow closely misses the komodo dragon.
The komodo dragon bites you!!
6095 ||| READING 5 scrolls of teleportation.
As you read the scroll of teleportation, it crumbles to dust.
You feel strangely unstable.
The manticore flicks its tail.
The volley of spikes hits you!
The barbed spikes become lodged in your body.
The komodo dragon closely misses you. You furiously retaliate!
You headbutt the komodo dragon. You shoot an arrow.
The arrow hits the komodo dragon.
The komodo dragon is moderately wounded.
You shoot an arrow. The arrow hits the komodo dragon!!
The komodo dragon is severely wounded.
The komodo dragon bites you!
You die...

..............<..#
........).......#
.......<.......## .
................## ..
.................## ...
#.................#....
.#.....................
##....................
##...)......l@)H.....
........#...))......
.......###.)))......
.....# ##.)....... ...#
##....)... .. .).......
..[.###.. ...## #.


You could see a manticore and a komodo dragon.

Vanquished Creatures
  2 two-headed ogres
  Maurice (D:8)
  A troll (D:9)
  Menkaure (D:5)
  Duvessa (D:7)
  A water moccasin (D:7)
  A sky beast (D:7)
  2 orc warriors (D:9)
  3 black bears
  4 ice beasts
  2 ogres (D:5)
  2 centaurs
  A phantom (D:5)
  A kobold brigand (D:6)
  A gnoll sergeant (D:9)
  3 scorpions
  12 wights
  Dowan (D:7)
  2 howler monkeys
  3 jellies
  4 orc priests
  A hound (D:6)
  2 sleepcaps (D:6)
  3 iguanas
  4 orc wizards
  11 gnolls
  6 adders
  A shadow imp (D:7)
  A white imp (D:6)
  An ufetubus (D:5)
  A worm (D:2)
  2 dart slugs
  28 orcs
  4 endoplasms
  2 giant cockroaches (D:4)
  7 goblins
  8 hobgoblins
  8 jackals
  8 kobolds
  8 quokkas
  10 ball pythons
  5 bats
  A frilled lizard (D:1)
  9 rats
180 creatures vanquished.

Notes
Turn   | Place    | Note
-------+----------+-------------------------------------------
     0 | D:1      | qw the Minotaur Hunter began the quest for the Orb.
     0 | D:1      | Reached XP level 1. HP: 18/18 MP: 0/0
     0 | D:1      | 0 ||| qw: Version: 0.2-a-117-gc6b5c8b
     0 | D:1      | 0 ||| qw: Game counter: 2601
     0 | D:1      | 0 ||| qw: Always use a shield: true
     0 | D:1      | 0 ||| qw: God list: Okawaru
     0 | D:1      | 0 ||| qw: Allow faded altars: false
     0 | D:1      | 0 ||| qw: Do Orc after D:15 true
     0 | D:1      | 0 ||| qw: Do second Lair branch before Depths: true
     0 | D:1      | 0 ||| qw: Lair rune preference: random
     0 | D:1      | 0 ||| qw: Plans: Normal
     0 | D:1      | 0 ||| PLANNING D:1-11
   115 | D:1      | 115 ||| FLEEEEING.
   182 | D:1      | Reached XP level 2. HP: 25/25 MP: 1/1
   294 | D:1      | Reached skill level 5 in Ranged Weapons
   335 | D:1      | Found Juelom's Distillery.
   351 | D:1      | 351 ||| SHOPLISTING 2 potions of heal wounds (140 gold,
                  | have 23).
   351 | D:1      | 351 ||| SHOPLISTING potion of experience (700 gold, have
                  | 23).
   351 | D:1      | 351 ||| SHOPLISTING potion of heal wounds (70 gold, have
                  | 23).
   351 | D:1      | 351 ||| SHOPLISTING potion of mutation (112 gold, have 23).
   394 | D:1      | 394 ||| FLEEEEING.
   605 | D:1      | Reached skill level 3 in Fighting
   759 | D:1      | 759 ||| UPGRADING to +1 leather armour of willpower.
   769 | D:1      | 769 ||| DROPPING +0 leather armour.
   770 | D:1      | 770 ||| READING scroll labelled FULAC TAPTE.
   817 | D:1      | 817 ||| READING scroll labelled DAECIU ISASSES.
   818 | D:1      | 818 ||| DRINKING 2 murky pink potions.
   819 | D:1      | 819 ||| DROPPING scroll of butterflies.
   893 | D:2      | Reached XP level 3. HP: 27/31 MP: 2/2
   931 | D:2      | Reached XP level 4. HP: 28/38 MP: 3/3
   939 | D:2      | Reached skill level 6 in Ranged Weapons
  1510 | D:2      | 1510 ||| UPGRADING to +0 pair of boots.
  1515 | D:2      | 1515 ||| DROPPING amulet of magic regeneration.
  1516 | D:2      | 1516 ||| READING scroll labelled QICACU NEPRYTT.
  1547 | D:3      | Found a transporter.
  1580 | D:3      | Found a sacrificial altar of Ru.
  1581 | D:3      | Found a sparkling altar of Nemelex Xobeh.
  1582 | D:3      | Found a shimmering altar of Xom.
  1582 | D:3      | Noticed a scorpion
  1589 | D:3      | Found a transporter.
  1594 | D:3      | Reached skill level 1 in Armour
  1631 | D:3      | 1631 ||| Stepping ~*~*~tactically~*~*~ (outnumbered).
  1632 | D:3      | 1632 ||| Stepping ~*~*~tactically~*~*~ (outnumbered).
  1636 | D:3      | 1636 ||| FLEEEEING.
  1637 | D:3      | 1637 ||| FLEEEEING.
  1640 | D:3      | 1640 ||| STAIRDANCE
  1694 | D:3      | Reached XP level 5. HP: 46/46 MP: 4/4
  1800 | D:3      | Found a broken altar of Ashenzari.
  2012 | D:3      | Found a runed translucent door.
  2013 | D:3      | Noticed Crazy Yiuf
  2156 | D:3      | 2156 ||| UPGRADING to +2 pair of boots.
  2166 | D:3      | 2166 ||| DROPPING +0 pair of boots.
  2167 | D:3      | 2167 ||| READING scroll labelled DAT VEACKO.
  2321 | D:4      | Found a snail-covered altar of Cheibriados.
  2322 | D:4      | Noticed a black bear
  2334 | D:4      | Killed a black bear
  2335 | D:4      | Reached skill level 7 in Ranged Weapons
  2335 | D:4      | Reached XP level 6. HP: 29/52 MP: 5/5
  2338 | D:4      | 2338 ||| FLEEEEING.
  2339 | D:4      | 2339 ||| FLEEEEING.
  2340 | D:4      | 2340 ||| FLEEEEING.
  2341 | D:4      | 2341 ||| FLEEEEING.
  2342 | D:4      | 2342 ||| FLEEEEING.
  2343 | D:4      | 2343 ||| FLEEEEING.
  2344 | D:4      | 2344 ||| FLEEEEING.
  2345 | D:4      | 2345 ||| FLEEEEING.
  2346 | D:4      | 2346 ||| FLEEEEING.
  2347 | D:4      | 2347 ||| FLEEEEING.
  2348 | D:4      | 2348 ||| FLEEEEING.
  2349 | D:4      | 2349 ||| FLEEEEING.
  2350 | D:4      | 2350 ||| FLEEEEING.
  2351 | D:4      | 2351 ||| FLEEEEING.
  2352 | D:4      | 2352 ||| FLEEEEING.
  2353 | D:4      | 2353 ||| FLEEEEING.
  2354 | D:4      | 2354 ||| FLEEEEING.
  2355 | D:4      | 2355 ||| FLEEEEING.
  2356 | D:4      | 2356 ||| FLEEEEING.
  2357 | D:4      | 2357 ||| FLEEEEING.
  2358 | D:4      | 2358 ||| FLEEEEING.
  2359 | D:4      | 2359 ||| FLEEEEING.
  2360 | D:4      | 2360 ||| FLEEEEING.
  2361 | D:4      | 2361 ||| FLEEEEING.
  2362 | D:4      | 2362 ||| FLEEEEING.
  2363 | D:4      | 2363 ||| FLEEEEING.
  2364 | D:4      | 2364 ||| FLEEEEING.
  2365 | D:4      | 2365 ||| FLEEEEING.
  2366 | D:4      | 2366 ||| FLEEEEING.
  2367 | D:4      | 2367 ||| FLEEEEING.
  2368 | D:4      | 2368 ||| FLEEEEING.
  2369 | D:4      | 2369 ||| STAIRDANCE
  2495 | D:3      | 2495 ||| READING scroll labelled RIEBOE WYJYAV.
  2927 | D:4      | 2927 ||| UPGRADING to +4 ring of protection.
  2928 | D:4      | 2928 ||| UPGRADING to ring of resist corrosion.
  2929 | D:4      | 2929 ||| READING scroll labelled ITTEPAO INAUFY.
  2930 | D:4      | 2930 ||| DRINKING 2 brown potions.
  2930 | D:4      | Gained mutation: You are robust. (+10% HP) [potion of
                  | mutation]
  2930 | D:4      | Gained mutation: Your natural rate of healing is unusually
                  | fast. [potion of mutation]
  2930 | D:4      | Gained mutation: Armour fits poorly on your strangely
                  | shaped body. [potion of mutation]
  2930 | D:4      | Gained mutation: You expend magic power (3 MP) to
                  | strengthen your wands. [potion of mutation]
  2935 | D:4      | 2935 ||| READING 2 scrolls of identify.
  2935 | D:4      | 2935 ||| IDENTIFYING black potion
  2960 | D:5      | Entered Level 5 of the Dungeon
  2960 | D:5      | Found a basalt altar of Yredelemnul.
  2997 | D:5      | Reached skill level 8 in Ranged Weapons
  3008 | D:5      | Noticed Menkaure
  3013 | D:5      | Reached skill level 3 in Dodging
  3013 | D:5      | Reached XP level 7. HP: 44/64 MP: 6/6
  3025 | D:5      | Killed Menkaure
  3130 | D:5      | 3130 ||| Stepping ~*~*~tactically~*~*~ (outnumbered).
  3176 | D:5      | Reached skill level 9 in Ranged Weapons
  3322 | D:5      | Found a runed translucent gate.
  3322 | D:5      | Found a runed translucent gate.
  3325 | D:5      | Noticed qw's ghost (novice GrFi)
  3326 | D:5      | Found a runed translucent gate.
  3327 | D:5      | Found Niozodghi's Armour Emporium.
  3496 | D:5      | 3496 ||| DROPPING ring of wizardry.
  3497 | D:5      | 3497 ||| READING scroll labelled DAICERYS ESUGH.
  3498 | D:5      | 3498 ||| READING scroll labelled QOMOEW CUMP.
  3499 | D:5      | 3499 ||| READING scroll labelled ZOCZOI HITOI.
  3500 | D:5      | 3500 ||| READING scroll labelled ELLYERRIKI.
  3501 | D:5      | 3501 ||| READING 2 scrolls of identify.
  3501 | D:5      | 3501 ||| IDENTIFYING grey potion
  3503 | D:5      | 3503 ||| Stepping ~*~*~tactically~*~*~ (cloud).
  3547 | D:6      | Reached skill level 6 in Fighting
  3550 | D:6      | Reached XP level 8. HP: 76/78 MP: 7/7
  3551 | D:6      | 3551 ||| STAIRDANCE
  3611 | D:6      | Reached skill level 10 in Ranged Weapons
  3646 | D:6      | 3646 ||| FLEEEEING.
  3651 | D:6      | 3651 ||| FLEEEEING.
  3652 | D:6      | 3652 ||| FLEEEEING.
  3653 | D:6      | 3653 ||| FLEEEEING.
  3654 | D:6      | 3654 ||| FLEEEEING.
  3656 | D:6      | 3656 ||| STAIRDANCE
  3857 | D:6      | Found a radiant altar of Vehumet.
  3857 | D:6      | Found an ornate altar of the Wu Jian Council.
  4384 | D:6      | 4384 ||| DRINKING 3 bubbling golden potions.
  4385 | D:6      | 4385 ||| DRINKING 2 bubbling dark potions.
  4423 | D:6      | 4423 ||| READING 5 scrolls of identify.
  4423 | D:6      | 4423 ||| IDENTIFYING smoky puce potion
  4424 | D:6      | 4424 ||| READING 4 scrolls of identify.
  4424 | D:6      | 4424 ||| IDENTIFYING silvery potion
  4425 | D:6      | 4425 ||| DROPPING potion of invisibility.
  4426 | D:6      | 4426 ||| DROPPING 2 potions of brilliance.
  4427 | D:6      | 4427 ||| DROPPING potion of lignification.
  4428 | D:6      | 4428 ||| DROPPING potion of magic.
  4521 | D:7      | Reached skill level 11 in Ranged Weapons
  4534 | D:7      | Reached XP level 9. HP: 78/86 MP: 8/8
  4607 | D:7      | Noticed Duvessa
  4607 | D:7      | Noticed Dowan
  4624 | D:7      | Killed Duvessa
  4629 | D:7      | Killed Dowan
  4630 | D:7      | 4630 ||| FLEEEEING.
  4631 | D:7      | 4631 ||| FLEEEEING.
  4632 | D:7      | 4632 ||| FLEEEEING.
  4633 | D:7      | 4633 ||| FLEEEEING.
  4634 | D:7      | 4634 ||| FLEEEEING.
  4635 | D:7      | 4635 ||| FLEEEEING.
  4639 | D:7      | 4639 ||| FLEEEEING.
  4640 | D:7      | 4640 ||| FLEEEEING.
  4641 | D:7      | 4641 ||| FLEEEEING.
  4644 | D:7      | 4644 ||| FLEEEEING.
  4645 | D:7      | 4645 ||| FLEEEEING.
  4646 | D:7      | 4646 ||| FLEEEEING.
  4647 | D:7      | 4647 ||| FLEEEEING.
  4648 | D:7      | 4648 ||| FLEEEEING.
  4649 | D:7      | 4649 ||| FLEEEEING.
  4650 | D:7      | 4650 ||| FLEEEEING.
  4766 | D:7      | Found a staircase to the Ecumenical Temple.
  4767 | D:7      | 4767 ||| PLANNING TEMPLE
  4779 | Temple   | Entered the Ecumenical Temple
  4788 | Temple   | 4788 ||| PLANNING OKAWARU WORSHIP
  4904 | Temple   | Became a worshipper of Warmaster Okawaru
  4904 | Temple   | 4904 ||| PLANNING D:1-11
  4931 | D:7      | Noticed a two-headed ogre
  4944 | D:7      | Killed a two-headed ogre
  4945 | D:7      | Reached skill level 12 in Ranged Weapons
  5033 | D:7      | Identified the +2 robe "Bolytuoj" {rPois rC+ MP-9}
  5265 | D:7      | 5265 ||| UPGRADING to +2 robe "Bolytuoj" {rPois rC+ MP-9}.
  5275 | D:7      | 5275 ||| DRINKING 2 lumpy grey potions.
  5351 | D:8      | 5351 ||| SWAPPING to +0 orcbow.
  5358 | D:8      | 5358 ||| DROPPING +1 shortbow of draining.
  5369 | D:8      | Reached * piety under Okawaru
  5426 | D:8      | Reached skill level 1 in Invocations
  5482 | D:8      | Noticed Maurice
  5483 | D:8      | Paralysed by Maurice for 5 turns
  5526 | D:8      | Killed Maurice
  5527 | D:8      | Reached skill level 6 in Dodging
  5561 | D:8      | Found a white marble altar of Elyvilon.
  5561 | D:8      | Noticed a two-headed ogre
  5562 | D:8      | 5562 ||| UPGRADING to +0 cloak of willpower.
  5576 | D:8      | Killed a two-headed ogre
  5577 | D:8      | Reached skill level 13 in Ranged Weapons
  5577 | D:8      | Reached skill level 3 in Invocations
  5577 | D:8      | Reached XP level 10. HP: 63/96 MP: 0/11
  5822 | D:8      | 5822 ||| UPGRADING to +0 pair of gloves.
  5942 | D:8      | Found a glowing silver altar of Zin.
  5949 | D:8      | 5949 ||| READING scroll labelled POM IMOAKHLAUR.
  5950 | D:8      | 5950 ||| READING 6 scrolls of identify.
  5950 | D:8      | 5950 ||| IDENTIFYING fuming emerald potion
  5951 | D:8      | 5951 ||| DROPPING potion of degeneration.
  5991 | D:9      | 5991 ||| INVOKING Heroism.
  6055 | D:9      | Reached ** piety under Okawaru
  6063 | D:9      | 6063 ||| INVOKING Heroism.
  6077 | D:9      | Reached skill level 9 in Fighting
  6083 | D:9      | 6083 ||| INVOKING Heroism.
  6083 | D:9      | Noticed a manticore
  6094 | D:9      | HP: 20/100 [komodo dragon (19)]
  6095 | D:9      | 6095 ||| READING 5 scrolls of teleportation.
  6097 | D:9      | Slain by a komodo dragon

Levels and vault maps discovered:
D:1:      matt_arrival_diagonals, layout_basic, serial_shops, shop,
          minmay_misc_feat_enclosed
D:2:      layout_loops_cross
D:3:      layout_rooms, evilmike_ruin_ashenzari,
          gammafunk_temple_overflow_arena, kennysheep_cluttered_room,
          st_stairs_6, uniq_crazy_yiuf_cottage
D:4:      layout_basic, minmay_ruined_shrine
D:5:      layout_cave_pools, mainiacjoe_overflow_boulevard,
          gammafunk_ghost_nasty_kobolds, serial_shops, shop, minivault_25,
          uniq_menkaure
D:6:      layout_loops_ring, gammafunk_temple_overflow_wave,
          chequers_serial_rivers_large_b
D:7:      layout_basic, minmay_temple_entry_grid, serial_curves, eino_curves_04,
          eino_curves_03, minivault_24, grunt_ministairs_14, uniq_duvessa
D:8:      layout_basic, zin_treasury, kennysheep_little_box, uniq_maurice
D:9:      layout_big_octagon, lemuel_round_altar, mainiacjoe_overflow_alcove_1,
          nicolae_overflow_crystal_walls, grunt_lair_entry_orc_guard_hut,
          ebering_ghost_reflecting_pool, uniq_pikel
Temple:   hellmonk_temple_beads

Skill      XL: |  1  2  3  4  5  6  7  8  9 10 |
---------------+-------------------------------+-----
Ranged Weapons | 5 6 7 8 9 11 13 | 13.0
Fighting       | 3 4 6 7 8 9 |  9.1
Armour         | 1 2 |  2.4
Dodging        | 3 5 6 |  6.4
Invocations    | 3 4 |  4.0
Stealth        | |  0.7

Action                     |  1- 3 |  4- 6 |  7- 9 | 10-12 || total
---------------------------+-------+-------+-------+-------++-------
   Fire: Shortbow          |    89 |   148 |   243 |       ||   480
         Orcbow            |       |       |    88 |    71 ||   159
 Invoke: Heroism           |       |       |       |     3 ||     3
    Use: Scroll            |     2 |     5 |     7 |     3 ||    17
         Potion            |     1 |     1 |     3 |       ||     5
 Armour: Leather armour    |     8 |    16 |    39 |       ||    63
         Robe              |       |       |     5 |    14 ||    19
  Dodge: Dodged            |    29 |    41 |   106 |    42 ||   218

Table legend:
 A = Non-vault XP
 B = Vault XP
 C = Vault XP percentage of total XP
 D = Non-vault monster count
 E = Vault monster count
 F = Vault count percentage of total count
                 A         B        C        D         E       F
            +---------+---------+-------+---------+---------+-------
      Total |    6034 |    1321 |  18.0 |     167 |      13 |   7.2
            +---------+---------+-------+---------+---------+-------
        D:1 |      34 |       0 |   0.0 |      20 |       0 |   0.0
        D:2 |     110 |       0 |   0.0 |      26 |       0 |   0.0
        D:3 |     180 |       3 |   1.6 |      24 |       1 |   4.0
        D:4 |      39 |     192 |  83.1 |      13 |       6 |  31.6
        D:5 |     702 |     172 |  19.7 |      20 |       1 |   4.8
        D:6 |    1030 |       0 |   0.0 |      20 |       0 |   0.0
        D:7 |    1295 |     492 |  27.5 |      11 |       4 |  26.7
        D:8 |    1522 |     462 |  23.3 |      15 |       1 |   6.2
        D:9 |    1122 |       0 |   0.0 |      18 |       0 |   0.0
            +---------+---------+-------+---------+---------+-------
